 Dungeon Crawl Stone Soup version 0.24.0-37-gcf1ca852f1 (webtiles) character file.

Game seed: 11431622167351799135, levelgen mode: deterministic

918 FishyPogo the Shield-Bearer (level 8, -8/67 HPs)
             Began as a Gnoll Fighter on Nov 24, 2019.
             Mangled by an ogre
             ... wielding a +0 giant spiked club
              (24 damage)
             ... on level 4 of the Dungeon.
             The game lasted 00:09:01 (2550 turns).

FishyPogo the Shield-Bearer (Gnoll Fighter)         Turns: 2550, Time: 00:09:02

Health: -8/67      AC:  9    Str: 19    XL:     8   Next: 9%
Magic:  12/12      EV: 10    Int: 11    God:
Gold:   201        SH: 12    Dex: 16    Spells: 12/12 levels left

rFire    . . .     SeeInvis .   n - +2 dagger (venom)
rCold    . . .     Gourm    .   c - +1 shield
rNeg     . . .     Faith    .   b - +0 scale mail
rPois    +         Spirit   .   (no helmet)
rElec    .         Reflect  .   (no cloak)
rCorr    .         Harm     .   i - +0 pair of gloves
MR       .....                  (no boots)
Stlth    ++........             (no amulet)
HPRegen  0.21/turn              m - ring of poison resistance
MPRegen  0.13/turn              u - ring of stealth

@: no status effects
A: distributed training, fangs 1, strong nose
a: no special abilities


You were on level 4 of the Dungeon.
You were hungry.

You visited 1 branch of the dungeon, and saw 6 of its levels.
You also visited: Sewer.

You collected 201 gold pieces.

Inventory:

Hand Weapons
 a - a +0 flail
 n - a +2 dagger of venom (weapon)
Missiles
 h - 106 stones (quivered)
Armour
 b - a +0 scale mail (worn)
 c - a +1 shield (worn)
 i - a +0 pair of gloves (worn)
Jewellery
 m - a ring of poison resistance (left hand)
 u - a ring of stealth (right hand)
Wands
 q - a wand of polymorph (10)
 s - a wand of random effects (14)
Scrolls
 g - 2 scrolls of remove curse {unknown}
 o - 3 scrolls of teleportation
Potions
 d - 4 potions of might
 e - 2 potions of brilliance
 j - a potion of cancellation {unknown}
 k - 4 potions of heal wounds
 l - 6 potions of curing
 p - a potion of flight {unknown}
 r - a potion of agility {unknown}
 t - a potion of invisibility {unknown}
Comestibles
 f - 4 rations


   Skills:
 + Level 7.2 Fighting
 + Level 2.9 Short Blades
 + Level 2.9 Long Blades
 + Level 2.9 Axes
 + Level 5.4 Maces & Flails
 + Level 2.9 Polearms
 + Level 2.9 Staves
 + Level 2.9 Slings
 + Level 2.9 Bows
 + Level 2.9 Crossbows
 + Level 2.9 Throwing
 + Level 7.2 Armour
 + Level 2.9 Dodging
 + Level 2.9 Stealth
 + Level 7.2 Shields
 + Level 2.9 Unarmed Combat
 + Level 2.9 Spellcasting
 + Level 2.3 Conjurations
 + Level 2.3 Hexes
 + Level 2.3 Charms
 + Level 2.3 Summonings
 + Level 2.3 Necromancy
 + Level 2.3 Translocations
 + Level 2.3 Transmutations
 + Level 2.3 Fire Magic
 + Level 2.3 Ice Magic
 + Level 2.3 Air Magic
 + Level 2.3 Earth Magic
 + Level 2.3 Poison Magic
 + Level 3.2 Invocations
 + Level 2.9 Evocations


You had 12 spell levels left.
You didn't know any spells.
Your spell library contained the following spells:

 Spells                   Type           Power        Failure   Level  Hunger
 Corona                   Hex            #......      58%         1    #......
 Ensorcelled Hibernation  Hex/Ice        #.....       73%         2    ###....
 Confuse                  Hex            #.......     91%         3    ###....
 Dazzling Spray           Conj/Hex       #.....       91%         3    ###....
 Tukima's Dance           Hex            #.......     91%         3    ###....


Dungeon Overview and Level Annotations

Branches:
Dungeon (6/15)              Sewer (visited)
 Temple: D:4-7

Altars:


Innate Abilities, Weirdness & Mutations

Your experience applies equally to all skills.
You have very sharp teeth.
Your uncanny sense of smell can sniff out nearby items.


Message History

You block the ogre's attack.
You hit the orc priest but do no damage.
The orc priest is poisoned.
Your bite misses the orc priest.
The ogre hits you with a +0 giant spiked club.
You block the orc priest's attack.
You hit the orc priest but do no damage.
The orc priest looks as sick as possible!
You hit the orc priest but do no damage.
The orc priest is moderately wounded.
The orc priest calls down the wrath of Beogh upon you.
Beogh smites you!
* * * LOW HITPOINT WARNING * * *
The ogre hits you with a +0 giant spiked club.
* * * LOW HITPOINT WARNING * * *
You hit the orc priest.
The orc priest looks as sick as possible!
The orc priest is heavily wounded.
The orc priest miscasts a cantrip.
The ogre hits you with a +0 giant spiked club!!
You die...

.....#.#(..#.....#.........
.........(.##........(....#
.........#(#...........Z..#
..#......†(†...............
##...##.)(...............
###.#....(..........>...
..............##......#.
#........)....###....##
##...)@.............##
......oO.............#
##.............##....#
......................
.................##...
#.......##....... #.......#
...... ........# .....


You could see an ogre and an orc priest.

Vanquished Creatures
  Sigmund (D:5)
  2 ogres
  2 big kobolds (Sewer)
  A howler monkey (D:4)
  A centaur skeleton (D:5)
  4 orc wizards
  2 worker ants
  Natasha (twice) (D:3)
  5 adders
  2 river rats (Sewer)
  2 oozes (Sewer)
  An adder zombie (D:5)
  4 adder skeletons
  A worm (D:3)
  2 leopard geckos
  16 orcs
  3 giant cockroaches
  A goblin (D:3)
  4 hobgoblins
  5 jackals
  15 kobolds
  2 quokkas
  6 ball pythons (Sewer)
  2 bats
  A frilled lizard (D:1)
  29 rats
116 creatures vanquished.

Notes
Turn   | Place    | Note
-------+----------+-------------------------------------------
     0 | D:1      | FishyPogo the Gnoll Fighter began the quest for the Orb.
     0 | D:1      | Reached XP level 1. HP: 23/23 MP: 1/1
   192 | D:2      | Reached XP level 2. HP: 29/29 MP: 2/2
   300 | D:3      | Reached XP level 3. HP: 33/35 MP: 3/3
   310 | D:3      | Reached skill level 1 in Short Blades
   310 | D:3      | Reached skill level 1 in Long Blades
   310 | D:3      | Reached skill level 1 in Axes
   310 | D:3      | Reached skill level 1 in Polearms
   310 | D:3      | Reached skill level 1 in Staves
   310 | D:3      | Reached skill level 1 in Slings
   310 | D:3      | Reached skill level 1 in Bows
   310 | D:3      | Reached skill level 1 in Crossbows
   310 | D:3      | Reached skill level 1 in Throwing
   310 | D:3      | Reached skill level 1 in Dodging
   310 | D:3      | Reached skill level 1 in Stealth
   310 | D:3      | Reached skill level 1 in Unarmed Combat
   310 | D:3      | Reached skill level 1 in Spellcasting
   310 | D:3      | Reached skill level 1 in Invocations
   310 | D:3      | Reached skill level 1 in Evocations
   315 | D:3      | Reached XP level 4. HP: 6/41 MP: 3/5
   409 | D:3      | Reached skill level 1 in Conjurations
   409 | D:3      | Reached skill level 1 in Hexes
   409 | D:3      | Reached skill level 1 in Charms
   409 | D:3      | Reached skill level 1 in Summonings
   409 | D:3      | Reached skill level 1 in Necromancy
   409 | D:3      | Reached skill level 1 in Translocations
   409 | D:3      | Reached skill level 1 in Transmutations
   409 | D:3      | Reached skill level 1 in Fire Magic
   409 | D:3      | Reached skill level 1 in Ice Magic
   409 | D:3      | Reached skill level 1 in Air Magic
   409 | D:3      | Reached skill level 1 in Earth Magic
   409 | D:3      | Reached skill level 1 in Poison Magic
   527 | D:3      | Noticed Natasha
   536 | D:3      | HP: 1/41 [Natasha (4)]
   538 | D:3      | Killed Natasha
   538 | D:3      | Reached XP level 5. HP: 2/47 MP: 5/7
   694 | D:3      | Found a glowing drain.
   704 | Sewer    | Entered a sewer
  1163 | Sewer    | Noticed a big kobold
  1164 | Sewer    | Noticed a big kobold
  1176 | Sewer    | Killed a big kobold
  1176 | Sewer    | Reached XP level 6. HP: 44/53 MP: 8/8
  1182 | Sewer    | Reached skill level 5 in Maces & Flails
  1494 | D:3      | Noticed Natasha
  1500 | D:3      | Killed Natasha
  1564 | D:5      | Entered Level 5 of the Dungeon
  1688 | D:5      | Noticed Sigmund
  1694 | D:5      | Reached XP level 7. HP: 31/59 MP: 10/10
  1707 | D:5      | Killed Sigmund
  2533 | D:4      | Reached XP level 8. HP: 65/67 MP: 12/12
  2550 | D:4      | Mangled by an ogre

Levels and vault maps discovered:
D:1:      sevenhm_arrival_forest_fort_small_5, layout_basic
D:2:      layout_basic
D:3:      layout_loops_ring, gup_sewer_entry_bowl, first_ration, uniq_natasha
D:4:      layout_cave_pools
D:5:      layout_basic, uniq_sigmund
D:6:      layout_layer_cave, uniq_pikel

Skill      XL: |  1  2  3  4  5  6  7 |
---------------+----------------------+-----
Short Blades   | 1 2 |  2.9
Long Blades    | 1 2 |  2.9
Axes           | 1 2 |  2.9
Polearms       | 1 2 |  2.9
Staves         | 1 2 |  2.9
Slings         | 1 2 |  2.9
Bows           | 1 2 |  2.9
Crossbows      | 1 2 |  2.9
Throwing       | 1 2 |  2.9
Dodging        | 1 2 |  2.9
Stealth        | 1 2 |  2.9
Unarmed Combat | 1 2 |  2.9
Spellcasting   | 1 2 |  2.9
Invocations    | 1 2 3 |  3.2
Evocations     | 1 2 |  2.9
Conjurations   | 1 2 |  2.3
Hexes          | 1 2 |  2.3
Charms         | 1 2 |  2.3
Summonings     | 1 2 |  2.3
Necromancy     | 1 2 |  2.3
Translocations | 1 2 |  2.3
Transmutations | 1 2 |  2.3
Fire Magic     | 1 2 |  2.3
Ice Magic      | 1 2 |  2.3
Air Magic      | 1 2 |  2.3
Earth Magic    | 1 2 |  2.3
Poison Magic   | 1 2 |  2.3
Maces & Flails | 5 |  5.4
Fighting       | 7 |  7.2
Armour         | 7 |  7.2
Shields        | 7 |  7.2

Action                   |  1- 3 |  4- 6 |  7- 9 || total
-------------------------+-------+-------+-------++-------
Melee: Flail             |    52 |     1 |       ||    53
       Bite              |     3 |    39 |    16 ||    58
       Dagger            |       |   221 |   128 ||   349
Throw: Stone             |       |     3 |       ||     3
  Use: Scroll            |       |     4 |       ||     4
       Potion            |       |     3 |       ||     3
  Eat: Chunk             |       |     3 |     2 ||     5
Armor: Scale mail        |    20 |    87 |    38 ||   145
Dodge: Dodged            |     8 |    69 |    41 ||   118
Block: Shield            |    31 |   149 |    63 ||   243
